 Dungeon Crawl Stone Soup version 0.30-a0-726-gd89dcf765f (webtiles) character file.

Game seed: 16570480802556229047

2874 browni3141 the Geomancer (level 10, -1/67 HPs)
             Began as a Human Earth Elementalist on Jan 30, 2023.
             Was an Initiate of Kikubaaqudgha.
             Killed from afar by a rime drake (19 damage)
             ... with an icy flash freeze
             ... on level 8 of the Dungeon.
             The game lasted 00:09:43 (6584 turns).

browni3141 the Geomancer (Human Earth Elementalist) Turns: 6584, Time: 00:09:43

Health: -1/67      AC:  4    Str:  9    XL:     10   Next: 5%
Magic:  3/16       EV: 12    Int: 19    God:    Kikubaaqudgha [......]
Gold:   376        SH:  0    Dex: 14    Spells: 2/17 levels left

rFire   . . .      SeeInvis .    i - +2 dagger (protect)
rCold   . . .      Faith    .    (no shield)
rNeg    . . .      Spirit   .    B - +0 robe {Will+}
rPois   .          Reflect  .    (no helmet)
rElec   .          Harm     .    (no cloak)
rCorr   .          Rampage  .    (no gloves)
Will    +....                    x - +1 pair of boots
Stlth   ++                       v - amulet of regeneration
HPRegen 1.11/turn                (no ring)
MPRegen 0.15/turn                (no ring)

@: very slightly contaminated
A: no striking features
a: Renounce Religion


You were on level 8 of the Dungeon.
You worshipped Kikubaaqudgha.
Kikubaaqudgha was noncommittal.
You visited 2 branches of the dungeon, and saw 9 of its levels.

You collected 460 gold pieces.
You spent 84 gold pieces at shops.

Inventory:

Hand Weapons
 d - a +0 dagger
 i - a +2 dagger of protection (weapon)
Missiles
 t - 13 poisoned darts
Armour
 a - a +1 robe
 x - a +1 pair of boots (worn)
 B - a +0 robe of willpower (worn)
Jewellery
 v - an amulet of regeneration (around neck)
 G - a +6 ring of dexterity
Wands
 C - a wand of iceblast (18)
Scrolls
 g - 7 scrolls of teleportation
 k - 4 scrolls of blinking
 l - a scroll of enchant weapon
 m - a scroll of fear {unknown}
 n - a scroll of amnesia
 o - a scroll of immolation
 r - a scroll of poison {unknown}
 s - a scroll of magic mapping {unknown}
 u - a scroll of noise {unknown}
 w - a scroll of silence {unknown}
 y - a scroll of vulnerability {unknown}
 D - a scroll of fog {unknown}
 F - a scroll of butterflies {unknown}
Potions
 b - 3 potions of magic
 c - 4 potions of curing {unknown}
 e - 2 potions of attraction {unknown}
 f - 2 potions of heal wounds
 h - 5 potions of haste {unknown}
 j - 2 potions of lignification {unknown}
 p - a potion of might {unknown}
 q - a potion of mutation {unknown}
 z - a potion of berserk rage {unknown}
 A - a potion of brilliance {unknown}
 E - a potion of ambrosia {unknown}
 H - a potion of flight {unknown}


   Skills:
 - Level 2.0 Fighting
 - Level 2.0 Dodging
 - Level 2.0 Stealth
 - Level 4.0 Spellcasting
 * Level 6.4 Conjurations
 - Level 5.0 Transmutations
 * Level 0.0 Air Magic
 * Level 9.7 Earth Magic


You had 2 spell levels left.
You knew the following spells:

 Your Spells              Type           Power      Damage    Failure   Level
a - Sandblast             Erth           80%        2d17      1%          1
b - Passwall              Tmut/Erth      25%        N/A       1%          2
c - Stone Arrow           Conj/Erth      68%        3d11      1%          3
d - Petrify               Tmut/Erth      31%        N/A       7%          4
e - Lightning Bolt        Conj/Air       8%         1d20      71%         5

Your spell library contained the following spells:

 Spells                   Type           Power      Damage    Failure   Level
 Static Discharge         Conj/Air       32%        2-4/arc   5%          2
 Dazzling Flash           Conj/Hex       32%        N/A       11%         3
 Iskenderun's Mystic Bla  Conj/Tloc      16%        2d5       36%         4
 Vhi's Electric Charge    Tloc/Air       6%         N/A       38%         3
 Arcjolt                  Conj/Air       8%         1d18      71%         5
 Starburst                Conj/Fire      8%         6d4       99%         6


Dungeon Overview and Level Annotations

Branches:
Dungeon (8/15)             Temple (1/1) D:7            Lair (0/5) D:8

Altars:
Ashenzari
Cheibriados
Dithmenos
Elyvilon
Fedhas
Gozag
Hepliaklqana
Kikubaaqudgha
Okawaru
Qazlal
Sif Muna
Trog
Uskayaw
Vehumet
Wu Jian
Xom
Yredelemnul
Zin
The Shining One

Shops:
D:4 *


Message History

Confirm with . or Enter, or press ? or * to list all spells.
Aiming: Stone Arrow (safe; 1% risk of failure)
Press: ? - help, Shift-Dir - straight line, f/p - polar bear
Aim: a polar bear (severely wounded, berserk, 81% to hit)
The stone arrow hits the polar bear.
The polar bear is almost dead.
The polar bear bites you!!
The polar bear claws you but does no damage.
The polar bear claws you. The ice beast closely misses you.
The rime drake closely misses you. The polar bear barely misses you.
The polar bear misses you. x2
The rime drake attacks as you move away!
The rime drake bites you!
* * * LOW HITPOINT WARNING * * *
The polar bear barely misses you.
The polar bear claws you but does no damage. x2
Casting: Stone Arrow (safe; 1% risk of failure)
Confirm with . or Enter, or press ? or * to list all spells.
Aiming: Stone Arrow (safe; 1% risk of failure)
Press: ? - help, Shift-Dir - straight line, f/p - polar bear
Aim: a polar bear (almost dead, berserk, 81% to hit)
You miscast Stone Arrow.
You are very lightly contaminated with residual magic.
Nothing appears to happen.
The polar bear bites you.
* * * LOW HITPOINT WARNING * * *
The polar bear claws you but does no damage.
The polar bear claws you.
* * * LOW HITPOINT WARNING * * *
Casting: Stone Arrow (safe; 1% risk of failure)
Confirm with . or Enter, or press ? or * to list all spells.
Aiming: Stone Arrow (safe; 1% risk of failure)
Press: ? - help, Shift-Dir - straight line, f - rime drake, p - polar bear
Aim: a rime drake (moderately wounded, 67% to hit)
The stone arrow hits the polar bear!
You kill the polar bear!
Kikubaaqudgha accepts your kill. The rime drake breathes ice at you.
The icy flash freeze hits you!!
You die...
Kikubaaqudgha rasps: "You have failed me!
Welcome... death!"

#........#...### ##.
.#.#.....#.##....# #..
.....#...#.##.##.##### .Y.>
....#...#..#........# ..h.
.......##..........#
#...###.#..##..##.......#
..#.#$#........###.......# #
#......#..k##.####.......# #
........Y.Y.@............# ##
..#.##....h#######.....).# #.
........#..## #..>....# #.
.......#....# #.......# #.
#......###...## #.......# #.
#..#~.#.......########.#####.
...######.##.....### #.####..
.# .........#...###.......
..........###....#......


You could see a rime drake (catching breath), 2 ice beasts and a wolf.

Vanquished Creatures
  A polar bear (D:8)
  Sigmund (D:6)
  2 wyverns
  Eustachio (D:6)
  A black bear (D:6)
  3 ice beasts (D:8)
  A phantom (D:5)
  2 kobold brigands
  3 bullfrogs
  5 scorpions
  2 necrophages
  5 wights (D:6)
  4 killer bees
  A howler monkey (D:7)
  2 jellies
  3 orc priests
  5 hounds
  4 orc wizards
  An iguana (D:6)
  4 gnolls
  3 adders
  2 ufetubi
  2 worms
  5 dart slugs
  18 orcs
  4 bats
  3 endoplasms
  2 giant cockroaches
  7 goblins
  9 hobgoblins
  2 jackals (D:3)
  3 quokkas
  7 ball pythons
  3 frilled lizards
  17 kobolds
  5 rats
143 creatures vanquished.

Vanquished Creatures (others)
  A gnoll (D:7)
  8 fungi
  2 plants (D:2)
11 creatures vanquished.

Grand Total: 154 creatures vanquished

Notes
Turn   | Place    | Note
-------+----------+-------------------------------------------
     0 | D:1      | browni3141 the Human Earth Elementalist began the quest for
                  | the Orb.
     0 | D:1      | Reached XP level 1. HP: 13/13 MP: 3/3
   127 | D:1      | Reached skill level 1 in Fighting
   164 | D:1      | Reached XP level 2. HP: 15/21 MP: 1/5
   319 | D:1      | Learned a level 2 spell: Passwall
   367 | D:1      | Reached XP level 3. HP: 27/27 MP: 0/6
   410 | D:1      | Learned a level 3 spell: Stone Arrow
   880 | D:2      | Reached XP level 4. HP: 33/33 MP: 5/7
  1199 | D:2      | Found a faded altar of an unknown god.
  1341 | D:3      | Found a snail-covered altar of Cheibriados.
  1347 | D:3      | Reached skill level 4 in Earth Magic
  1538 | D:3      | Found a glowing golden altar of the Shining One.
  1759 | D:4      | Found Woapp's General Store.
  1764 | D:4      | Reached skill level 1 in Conjurations
  1963 | D:4      | Reached XP level 5. HP: 35/38 MP: 4/8
  2000 | D:4      | Found a stormy altar of Qazlal.
  2117 | D:4      | Reached XP level 6. HP: 44/44 MP: 2/9
  2719 | D:4      | Bought a scroll of identify for 24 gold pieces
  2719 | D:4      | Bought a potion of heal wounds for 60 gold pieces
  2805 | D:5      | Entered Level 5 of the Dungeon
  2813 | D:5      | Reached skill level 5 in Earth Magic
  3125 | D:5      | Reached XP level 7. HP: 50/50 MP: 3/10
  3584 | D:5      | Found an opulent altar of Gozag.
  4015 | D:6      | Found a white marble altar of Elyvilon.
  4037 | D:6      | Found a shimmering altar of Xom.
  4038 | D:6      | Found a shimmering altar of Xom.
  4038 | D:6      | Found a shimmering altar of Xom.
  4042 | D:6      | Noticed Sigmund
  4058 | D:6      | Reached skill level 6 in Earth Magic
  4068 | D:6      | Reached XP level 8. HP: 23/56 MP: 2/11
  4316 | D:6      | Killed Sigmund
  4317 | D:6      | Reached skill level 5 in Transmutations
  4317 | D:6      | Reached skill level 7 in Earth Magic
  4452 | D:6      | Noticed Eustachio
  4463 | D:6      | Killed Eustachio
  4518 | D:6      | Reached skill level 8 in Earth Magic
  4523 | D:6      | Learned a level 4 spell: Petrify
  4636 | D:6      | Reached XP level 9. HP: 61/61 MP: 6/12
  4791 | D:6      | Found a basalt altar of Yredelemnul.
  4938 | D:6      | Found an iron altar of Okawaru.
  4939 | D:6      | Found a glowing silver altar of Zin.
  5438 | D:7      | Reached skill level 5 in Conjurations
  5511 | D:7      | Found a staircase to the Ecumenical Temple.
  5551 | Temple   | Entered the Ecumenical Temple
  5558 | Temple   | Became a worshipper of Kikubaaqudgha
  5672 | D:7      | Reached skill level 9 in Earth Magic
  6013 | D:7      | Noticed a gargoyle
  6512 | D:8      | Noticed a polar bear
  6524 | D:8      | Reached XP level 10. HP: 28/67 MP: 11/16
  6565 | D:8      | Learned a level 5 spell: Lightning Bolt
  6571 | D:8      | Found a staircase to the Lair.
  6573 | D:8      | Noticed a rime drake
  6584 | D:8      | Killed from afar by a rime drake

Illustrated notes

Levels and vault maps discovered:
D:1:      onia_arrival_mini_spirals, layout_rooms
D:2:      layout_rooms, shapermc_ecumenical_altar_mp_urbaneastern
D:3:      layout_basic, slow_altar_1, mainiacjoe_overflow_tiny_flanked,
          mainiacjoe_overflow_cross_hatched
D:4:      layout_loops_ring, old_standard_altar, serial_shops,
          nicolae_inconvenience_store, minmay_goblin_kobold_house
D:5:      layout_layer_cave, lemuel_doored_altar
D:6:      layout_loops_ring, general_overflow_altar, xom_redecorated,
          mainiacjoe_overflow_divided_tiny, old_standard_altar,
          nicolae_wand_duel, st_stairs_2, small_statue_intersection,
          uniq_sigmund, uniq_eustachio
D:7:      layout_basic, minmay_temple_entry_nine_rooms, dreamdust_gnoll_farm
D:8:      layout_rooms, hellmonk_lair_entry_icy, uniq_grum
Temple:   hellmonk_temple_micro_hex

Skill      XL: |  1  2  3  4  5  6  7  8  9 |
---------------+----------------------------+-----
Fighting       | 1 2 |  2.0
Transmutations | 2 4 5 |  5.0
Earth Magic    | 4 5 6 8 9 |  9.7
Conjurations   | 1 2 4 6 |  6.4
Spellcasting   | 4 |  4.0
Dodging        | |  2.0
Stealth        | |  2.0

Action                     |  1- 3 |  4- 6 |  7- 9 | 10-12 || total
---------------------------+-------+-------+-------+-------++-------
  Melee: Dagger            |     6 |    23 |    14 |       ||    43
         Punch             |       |     2 |       |       ||     2
   Cast: Sandblast         |    34 |    88 |   153 |     3 ||   278
         Passwall          |     1 |       |     1 |       ||     2
         Stone Arrow       |       |       |     2 |     3 ||     5
  Evoke: Wand              |       |       |     2 |       ||     2
    Use: Scroll            |       |     7 |       |       ||     7
 Armour: Robe              |     2 |    17 |    38 |     6 ||    63
  Dodge: Dodged            |    19 |    27 |    83 |     8 ||   137

Table legend: (Time is in decaauts)
 A = Elapsed time spent in this place.
 B = Non-inter-level travel time spent in this place.
 C = Inter-level travel time spent in this place.
 D = Time resting spent in this place.
 E = Time spent auto-exploring this place.
 F = Levels seen in this place.
 G = Mean time per level.
                   A        B        C        D        E       F      G
               +--------+--------+--------+--------+--------+-----+--------+
         Total |   6723 |   6383 |    340 |    214 |   5161 |   9 |  747.0 |
       Dungeon |   6708 |   6374 |    334 |    214 |   5161 |   8 |  838.5 |
        Temple |     14 |      8 |      6 |      0 |      0 |   1 |   14.0 |
               +--------+--------+--------+--------+--------+-----+--------+

Top non-repeatable levels by time:
     D:6: 1220 daAuts
     D:5: 1200 daAuts
     D:7: 1116 daAuts
     D:4: 1096 daAuts
     D:1: 727 daAuts
     D:2: 615 daAuts
     D:3: 415 daAuts
     D:8: 316 daAuts
  Temple: 14 daAuts
